 Dungeon Crawl Stone Soup version 0.28-a0-750-g7c675f85b1 (webtiles) character file.

Game seed: 14960693403163472099

18 ytrimaz the Grave Robber (level 2, 0/19 HPs)
             Began as a Demonspawn Necromancer on Oct 29, 2021.
             Slain by a gnoll (4 damage)
             ... on level 1 of the Dungeon.
             The game lasted 00:01:10 (1228 turns).

ytrimaz the Grave Robber (Demonspawn Necromancer)   Turns: 1228, Time: 00:01:10

Health: 0/19       AC:  2    Str:  8    XL:     2   Next: 48%
Magic:  1/5        EV: 12    Int: 16    God:
Gold:   86         SH:  0    Dex: 13    Spells: 4/5 levels left

rFire   . . .      SeeInvis .   d - +2 dagger (drain)
rCold   . . .      Faith    .   (no shield)
rNeg    . . .      Spirit   .   a - +0 robe
rPois   .          Reflect  .   (no helmet)
rElec   .          Harm     .   (no cloak)
rCorr   .          Rampage  .   (no gloves)
Will    .....                   (no boots)
Stlth   ++........              (no amulet)
HPRegen 0.06/turn               (no ring)
MPRegen 0.09/turn               (no ring)

@: no status effects
A: spiny 1
a: no special abilities


You were on level 1 of the Dungeon.
You visited 1 branch of the dungeon, and saw 1 of its levels.

You collected 86 gold pieces.

Inventory:

Hand Weapons
 d - a +2 dagger of draining (weapon)
Armour
 a - a +0 robe (worn)
Scrolls
 c - a scroll of torment {unknown}
Potions
 b - a potion of ambrosia {unknown}


   Skills:
 - Level 1.7 Dodging
 - Level 1.7 Stealth
 + Level 2.2 Spellcasting
 + Level 5.0 Necromancy


You had 4 spell levels left.
You knew the following spells:

 Your Spells              Type           Power      Damage    Failure   Level
a - Pain                  Necr           68%        1d7       2%          1

Your spell library contained the following spells:

 Spells                   Type           Power      Damage    Failure   Level
 Animate Skeleton         Necr           34%        N/A       2%          1
 Vampiric Draining        Necr           8%         2d7       8%          3
 Animate Dead             Necr           8%         N/A       26%         4
 Agony                    Necr           17%        N/A       56%         5


Dungeon Overview and Level Annotations

Branches:
Dungeon (1/15)

Altars:


Innate Abilities, Weirdness & Mutations

You are partially covered in sharp spines.


Message History

A rat is nearby!
A rat is nearby!
A bat comes into view.
The rat writhes in agony.
A gnoll comes into view. It is wielding a +0 spear.
The rat writhes in agony!
You kill the rat!
The gnoll barely resists.
The gnoll writhes in agony.
The gnoll barely misses you.
The bat barely resists.
The bat is struck by your spines. The bat closely misses you.
The gnoll completely misses you.
You hit the bat but do no damage.
The bat is moderately wounded.
The bat barely misses you. The gnoll barely misses you.
You are too depleted to draw on your mana recklessly!
You are too depleted to draw on your mana recklessly!
You barely miss the bat.
The bat is moderately wounded.
The bat hits you but does no damage. The bat is struck by your spines.
You kill the bat!
The gnoll hits you from afar with a +0 spear.
The gnoll closely misses you.
You see here a bat corpse.
You hit the gnoll.
The gnoll is heavily wounded.
The gnoll hits you with a +0 spear.
You hit the gnoll.
The gnoll is heavily wounded.
The gnoll closely misses you.
You hit the gnoll.
The gnoll is severely wounded.
The gnoll hits you with a +0 spear.
You closely miss the gnoll.
The gnoll is severely wounded.
The gnoll hits you with a +0 spear.
* * * LOW HITPOINT WARNING * * *
You hit the gnoll but do no damage.
The gnoll is severely wounded.
The gnoll hits you with a +0 spear.
You die...

..# #..# #..# #..# #. #..#
#.#..#######..# #.#
#...†g#...# ##.# #@...#
#..#######..#.##
#..........##.#
#.......#####.###
#...............#
#.......#.......#
#.......#.......#
#.......#.......############
#.......##...............)..


You could see a gnoll.

Vanquished Creatures
  A giant cockroach (D:1)
  3 goblins (D:1)
  A hobgoblin (D:1)
  2 quokkas (D:1)
  2 ball pythons (D:1)
  A bat (D:1)
  3 frilled lizards (D:1)
  2 kobolds (D:1)
  3 rats (D:1)
18 creatures vanquished.

Notes
Turn   | Place    | Note
-------+----------+-------------------------------------------
     0 | D:1      | ytrimaz the Demonspawn Necromancer began the quest for the
                  | Orb.
     0 | D:1      | Reached XP level 1. HP: 13/13 MP: 3/3
   651 | D:1      | Gained mutation: You are partially covered in sharp spines.
                  | [demonic ancestry]
   651 | D:1      | Reached XP level 2. HP: 14/19 MP: 0/5
  1061 | D:1      | Reached skill level 5 in Necromancy
  1228 | D:1      | Slain by a gnoll

Illustrated notes

Levels and vault maps discovered:
D:1:      lemuel_arrival_cross, layout_basic, minmay_3d_cube

Skill      XL: |  1  2 |
---------------+-------+-----
Necromancy     | 5 |  5.0
Dodging        | |  1.7
Stealth        | |  1.7
Spellcasting   | |  2.2

Action                   || total
-------------------------++-------
Melee: Unarmed           ||     6
       Dagger            ||     7
 Cast: Pain              ||    34
Armor: Robe              ||     2
Dodge: Dodged            ||    10

Table legend: (Time is in decaauts)
 A = Elapsed time spent in this place.
 B = Non-inter-level travel time spent in this place.
 C = Inter-level travel time spent in this place.
 D = Time resting spent in this place.
 E = Time spent auto-exploring this place.
 F = Levels seen in this place.
 G = Mean time per level.
                   A        B        C        D        E       F      G
               +--------+--------+--------+--------+--------+-----+--------+
         Total |   1227 |   1227 |      0 |    486 |    627 |   1 | 1227.0 |
       Dungeon |   1227 |   1227 |      0 |    486 |    627 |   1 | 1227.0 |
               +--------+--------+--------+--------+--------+-----+--------+

Top non-repeatable levels by time:
     D:1: 1227 daAuts
